[ AOE2 MATCH · #505054190 ]
UnrankedArmenians vs Goths
Player's team · LOSS
Rival team · WIN
[ REPLAY ANALYSIS · EXTRACTED FROM THE RECORDED GAME ]
Feudal
12:15
Castle
—
Imperial
—
| APM avg | 38.7 |
| APM peak | 86 |
| eAPM avg | 19.0 |
| Villagers / military | 44 / 31 |
Focus
⚔️ 30.4% · 🌾 69.6%
Militia ×31
Feudal
15:07
Castle
25:23
Imperial
—
| APM avg | 35.2 |
| APM peak | 56 |
| eAPM avg | 17.8 |
| Villagers / military | 48 / 36 |
Focus
⚔️ 39.8% · 🌾 60.2%
Militia ×36
Match map
Initial resources + every placement click. Lines = walls · curves = elevation contours. ◆ gold · ⬟ stone · ● berries · ✦ relic · ◌ wall gap
Your base· Open — 4t gap
Seldorn's base· ✓ Closed at 25:23 · 34t walls · no gate
Smoothed initial terrain · ◌ = detected wall gap · hover for details
Inputs per minute
— Senetar - - Seldorn
Build order — Senetar
132 actions detected in the replay
| 0:00 | Queue | Villager (Male) |
| 0:00 | Queue | Villager (Male) |
| 0:03 | Build | House |
| 0:04 | Build | House |
| 0:20 | Queue | Villager (Male) |
| 0:20 | Queue | Villager (Male) |
| 1:27 | Queue | Villager (Male) |
| 1:56 | Queue | Villager (Male) |
| 2:12 | Build | Mule Cart |
| 2:31 | Queue | Villager (Male) |
| 2:51 | Queue | Villager (Male) |
| 2:51 | Queue | Villager (Male) |
| 3:35 | Queue | Villager (Male) |
| 3:51 | Build | House |
| 3:53 | Build | House |
| 4:00 | Queue | Villager (Male) |
| 4:01 | Queue | Villager (Male) |
| 4:27 | Build | Mule Cart |
| 4:32 | Queue | Villager (Male) |
| 5:21 | Queue | Villager (Male) |
| 5:22 | Queue | Villager (Male) |
| 5:22 | Queue | Villager (Male) |
| 5:22 | Queue | Villager (Male) |
| 6:05 | Research | Loom |
| 6:20 | Queue | Villager (Male) |
| 6:42 | Queue | Villager (Male) |
| 7:21 | Build | Barracks |
| 7:31 | Queue | Villager (Male) |
| 7:54 | Build | Palisade Wall |
| 8:01 | Queue | Villager (Male) |
| 8:09 | Build | Palisade Wall |
| 8:18 | Build | Palisade Wall |
| 8:19 | Build | Palisade Wall |
| 8:20 | Build | Palisade Wall |
| 8:23 | Build | House |
| 8:32 | Build | Palisade Wall |
| 8:47 | Build | Palisade Wall |
| 8:50 | Build | Palisade Wall |
| 9:07 | Queue | Villager (Male) |
| 9:19 | Queue | Villager (Male) |
| 9:28 | Research | Feudal Age |
| 9:48 | Build | House |
| 10:05 | Research | Feudal Age |
| 10:39 | Build | House |
| 11:17 | Queue | Villager (Male) |
| 11:18 | Queue | Villager (Male) |
| 11:30 | Build | House |
| 12:15 | Age | Feudal Age |
| 12:16 | Research | Man-at-Arms (upgrade) |
| 12:23 | Queue | Villager (Male) |
| 12:24 | Queue | Villager (Male) |
| 12:29 | Research | Double-Bit Axe |
| 12:54 | Build | Mill |
| 13:04 | Queue | Militia |
| 13:28 | Queue | Militia |
| 13:42 | Build | Farm |
| 13:44 | Build | Farm |
| 13:46 | Build | Farm |
| 13:52 | Build | Farm |
| 13:56 | Queue | Militia |
| 13:56 | Queue | Militia |
| 14:06 | Build | Farm |
| 14:25 | Queue | Militia |
| 14:25 | Queue | Militia |
| 14:36 | Queue | Villager (Male) |
| 14:39 | Build | Farm |
| 14:59 | Queue | Villager (Male) |
| 15:03 | Queue | Militia |
| 15:40 | Build | Farm |
| 15:53 | Build | Farm |
| 15:57 | Build | Blacksmith |
| 16:05 | Queue | Militia |
| 16:18 | Queue | Militia |
| 16:24 | Build | Farm |
| 16:53 | Build | Farm |
| 16:58 | Queue | Militia |
| 17:03 | Build | Farm |
| 17:18 | Queue | Militia |
| 17:32 | Build | House |
| 17:48 | Queue | Militia |
| 17:48 | Queue | Militia |
| 17:48 | Queue | Villager (Male) |
| 17:54 | Queue | Villager (Male) |
| 18:05 | Queue | Militia |
| 18:24 | Queue | Militia |
| 18:27 | Build | Farm |
| 18:35 | Build | Palisade Wall |
| 18:36 | Build | Palisade Wall |
| 18:38 | Build | Palisade Wall |
| 19:04 | Build | Market |
| 19:08 | Research | Long Swordsman (upgrade) |
| 19:13 | Queue | Villager (Male) |
| 19:39 | Queue | Militia |
| 19:39 | Queue | Militia |
| 19:47 | Build | Farm |
| 20:14 | Queue | Villager (Male) |
| 20:15 | Queue | Militia |
| 20:21 | Build | Farm |
| 20:41 | Queue | Villager (Male) |
| 20:43 | Queue | Militia |
| 20:55 | Build | Farm |
| 21:00 | Queue | Militia |
| 21:38 | Queue | Militia |
| 21:39 | Queue | Militia |
| 21:39 | Queue | Villager (Male) |
| 21:40 | Queue | Villager (Male) |
| 21:57 | Research | Forging |
| 22:10 | Queue | Villager (Male) |
| 22:33 | Queue | Militia |
| 22:34 | Queue | Villager (Male) |
| 22:38 | Build | House |
| 22:48 | Build | House |
| 22:56 | Queue | Militia |
| 22:56 | Queue | Militia |
| 23:07 | Queue | Villager (Male) |
| 23:44 | Queue | Villager (Male) |
| 23:50 | Build | House |
| 24:01 | Queue | Militia |
| 24:04 | Research | Scale Mail Armor |
| 24:18 | Queue | Militia |
| 24:18 | Queue | Villager (Male) |
| 24:54 | Queue | Militia |
| 24:54 | Queue | Militia |
| 24:55 | Queue | Villager (Male) |
| 25:17 | Build | Market |
| 25:22 | Research | Arson |
| 25:56 | Queue | Militia |
| 25:58 | Queue | Militia |
| 26:06 | Build | Archery Range |
| 26:28 | Queue | Villager (Male) |
| 26:30 | Queue | Villager (Male) |
| 26:45 | Build | House |
Build order — Seldorn
First 150 of 179 actions detected
| 0:00 | Queue | Villager (Male) |
| 0:01 | Queue | Villager (Male) |
| 0:02 | Build | House |
| 0:03 | Build | House |
| 0:09 | Queue | Villager (Male) |
| 0:09 | Queue | Villager (Male) |
| 0:29 | Research | Loom |
| 1:25 | Queue | Villager (Male) |
| 2:02 | Queue | Villager (Male) |
| 2:22 | Build | Lumber Camp |
| 2:25 | Queue | Villager (Male) |
| 2:35 | Queue | Villager (Male) |
| 3:09 | Queue | Villager (Male) |
| 3:33 | Build | House |
| 3:34 | Build | House |
| 3:47 | Queue | Villager (Male) |
| 3:47 | Queue | Villager (Male) |
| 3:47 | Queue | Villager (Male) |
| 4:59 | Queue | Villager (Male) |
| 4:59 | Queue | Villager (Male) |
| 4:59 | Queue | Villager (Male) |
| 4:59 | Queue | Villager (Male) |
| 5:00 | Queue | Villager (Male) |
| 5:46 | Build | Barracks |
| 6:17 | Build | Palisade Wall |
| 6:19 | Build | Palisade Wall |
| 6:21 | Build | Palisade Wall |
| 6:46 | Queue | Villager (Male) |
| 6:52 | Build | Mining Camp |
| 7:17 | Queue | Militia |
| 7:17 | Queue | Militia |
| 7:26 | Queue | Villager (Male) |
| 7:53 | Queue | Villager (Male) |
| 8:04 | Build | House |
| 8:19 | Queue | Militia |
| 8:20 | Queue | Militia |
| 8:26 | Build | House |
| 8:32 | Build | Palisade Wall |
| 8:34 | Queue | Villager (Male) |
| 8:58 | Queue | Villager (Male) |
| 9:02 | Queue | Militia |
| 9:14 | Queue | Villager (Male) |
| 9:25 | Queue | Villager (Male) |
| 9:37 | Queue | Villager (Male) |
| 9:40 | Queue | Militia |
| 9:55 | Queue | Militia |
| 9:56 | Queue | Militia |
| 10:00 | Build | House |
| 10:01 | Build | House |
| 10:07 | Build | Mill |
| 10:13 | Queue | Villager (Male) |
| 10:25 | Queue | Militia |
| 10:36 | Queue | Militia |
| 10:37 | Queue | Militia |
| 11:05 | Queue | Villager (Male) |
| 11:32 | Queue | Villager (Male) |
| 11:44 | Build | Mill |
| 12:17 | Queue | Villager (Male) |
| 12:57 | Research | Feudal Age |
| 12:57 | Research | Feudal Age |
| 13:08 | Build | Outpost |
| 13:09 | Build | Palisade Wall |
| 13:10 | Build | Palisade Wall |
| 13:10 | Build | Palisade Wall |
| 13:11 | Build | Palisade Wall |
| 13:11 | Build | Palisade Wall |
| 13:12 | Build | Palisade Wall |
| 13:12 | Build | Palisade Wall |
| 13:13 | Build | Palisade Wall |
| 13:32 | Build | House |
| 13:33 | Build | House |
| 13:34 | Build | House |
| 13:40 | Queue | Militia |
| 13:43 | Queue | Militia |
| 13:45 | Queue | Militia |
| 14:59 | Build | House |
| 15:01 | Queue | Villager (Male) |
| 15:02 | Build | Barracks |
| 15:07 | Build | Palisade Wall |
| 15:07 | Age | Feudal Age |
| 15:21 | Research | Man-at-Arms (upgrade) |
| 15:26 | Build | Blacksmith |
| 15:33 | Build | Palisade Wall |
| 15:44 | Build | Palisade Wall |
| 15:48 | Queue | Militia |
| 15:55 | Build | Lumber Camp |
| 15:56 | Queue | Villager (Male) |
| 15:57 | Queue | Villager (Male) |
| 15:57 | Queue | Villager (Male) |
| 16:00 | Build | Palisade Wall |
| 16:23 | Queue | Villager (Male) |
| 16:45 | Queue | Militia |
| 16:50 | Research | Forging |
| 16:51 | Research | Scale Mail Armor |
| 16:53 | Queue | Villager (Male) |
| 17:02 | Queue | Militia |
| 17:16 | Build | House |
| 17:36 | Research | Horse Collar |
| 17:42 | Build | Palisade Wall |
| 17:44 | Build | Palisade Wall |
| 17:45 | Build | Palisade Wall |
| 17:47 | Build | Palisade Wall |
| 17:49 | Build | Palisade Wall |
| 17:54 | Queue | Militia |
| 17:54 | Queue | Militia |
| 18:05 | Build | Mill |
| 18:07 | Build | Farm |
| 18:08 | Build | Farm |
| 18:08 | Build | Farm |
| 18:08 | Build | Farm |
| 18:08 | Build | Farm |
| 18:09 | Build | Farm |
| 18:09 | Build | Farm |
| 18:09 | Build | Farm |
| 19:01 | Build | Farm |
| 19:03 | Build | Farm |
| 19:12 | Queue | Villager (Male) |
| 19:17 | Build | Market |
| 19:49 | Queue | Militia |
| 19:50 | Queue | Militia |
| 19:50 | Queue | Militia |
| 20:02 | Queue | Militia |
| 20:18 | Queue | Militia |
| 20:36 | Queue | Militia |
| 20:38 | Queue | Militia |
| 20:40 | Queue | Militia |
| 20:41 | Queue | Militia |
| 20:42 | Queue | Villager (Male) |
| 20:43 | Queue | Villager (Male) |
| 20:56 | Build | House |
| 21:13 | Queue | Militia |
| 21:29 | Queue | Militia |
| 21:42 | Queue | Militia |
| 21:43 | Queue | Militia |
| 21:44 | Queue | Militia |
| 21:48 | Queue | Villager (Male) |
| 21:48 | Queue | Villager (Male) |
| 22:07 | Queue | Militia |
| 22:21 | Build | Farm |
| 22:21 | Build | Farm |
| 22:21 | Build | Farm |
| 22:21 | Build | Farm |
| 22:22 | Build | Farm |
| 22:22 | Build | Farm |
| 22:28 | Build | Mining Camp |
| 22:43 | Research | Castle Age |
| 22:48 | Build | Farm |
| 22:56 | Queue | Militia |
| 23:15 | Build | House |
| 23:16 | Build | House |
Match timeline
| 5:46 | Seldorn · first_building Barracks |
| 6:17 | Seldorn · wall_segment Palisade Wall x1 |
| 6:19 | Seldorn · wall_segment Palisade Wall x1 |
| 6:21 | Seldorn · wall_segment Palisade Wall x1 |
| 7:21 | Senetar · first_building Barracks |
| 7:54 | Senetar · wall_segment Palisade Wall x3 |
| 8:09 | Senetar · wall_segment Palisade Wall x1 |
| 8:18 | Senetar · wall_segment Palisade Wall x1 |
| 8:19 | Senetar · wall_segment Palisade Wall x1 |
| 8:20 | Senetar · wall_segment Palisade Wall x1 |
| 8:32 | Senetar · wall_segment Palisade Wall x4 |
| 8:32 | Seldorn · wall_segment Palisade Wall x1 |
| 8:47 | Senetar · wall_segment Palisade Wall x1 |
| 8:50 | Senetar · wall_segment Palisade Wall x1 |
| 12:15 | Senetar · age_up feudal |
| 13:09 | Seldorn · wall_segment Palisade Wall x1 |
| 13:10 | Seldorn · wall_segment Palisade Wall x1 |
| 13:10 | Seldorn · wall_segment Palisade Wall x1 |
| 13:11 | Seldorn · wall_segment Palisade Wall x1 |
| 13:11 | Seldorn · wall_segment Palisade Wall x1 |
| 13:12 | Seldorn · wall_segment Palisade Wall x1 |
| 13:12 | Seldorn · wall_segment Palisade Wall x1 |
| 13:13 | Seldorn · wall_segment Palisade Wall x1 |
| 15:07 | Seldorn · wall_segment Palisade Wall x8 |
| 15:07 | Seldorn · age_up feudal |
| 15:33 | Seldorn · wall_segment Palisade Wall x1 |
| 15:44 | Seldorn · wall_segment Palisade Wall x1 |
| 16:00 | Seldorn · wall_segment Palisade Wall x1 |
| 17:42 | Seldorn · wall_segment Palisade Wall x1 |
| 17:44 | Seldorn · wall_segment Palisade Wall x1 |
| 17:45 | Seldorn · wall_segment Palisade Wall x1 |
| 17:47 | Seldorn · wall_segment Palisade Wall x1 |
| 17:49 | Seldorn · wall_segment Palisade Wall x1 |
| 18:35 | Senetar · wall_segment Palisade Wall x1 |
| 18:36 | Senetar · wall_segment Palisade Wall x1 |
| 18:38 | Senetar · wall_segment Palisade Wall x1 |
| 20:47 | Seldorn · first_market_buy 100 food |
| 21:52 | Senetar · first_market_sell 100 stone |
| 21:54 | Senetar · first_market_buy 100 food |
| 22:36 | Seldorn · first_market_sell 100 stone |
| 24:46 | Seldorn · wall_segment Palisade Wall x7 |
| 25:23 | Seldorn · age_up castle |
| 26:06 | Senetar · first_building Archery Range |
| 27:41 | Senetar · resign |
[ AI ANALYSIS · 1 CREDIT ]
What really happened in this match?
Wolo.gg analyzes every decision: build order, eco, micro, common mistakes by bracket. Personalized analysis on WhatsApp or Discord in 30 seconds.
Civ guide
Armenians
Perfil
Jugador #1497171